 Dungeon Crawl Stone Soup version 0.31-a0-216-g22e908daa7 (webtiles) character file.

Game seed: 3608591485068554540

3340 qw the Cleaver (level 10, -5/61 HPs)
             Began as a Gargoyle Fighter on July 2, 2023.
             Was a Follower of Okawaru.
             Slain by a wight
             ... wielding a +0 dire flail
              (11 damage)
             ... on level 8 of the Dungeon.
             The game lasted 00:03:21 (6844 turns).

qw the Cleaver (Gargoyle Fighter)                   Turns: 6844, Time: 00:03:22

Health: -5/61      AC: 18    Str: 23    XL:     10   Next: 2%
Magic:  11/13      EV:  9    Int: 10    God:    Okawaru [*.....]
Gold:   44         SH: 11    Dex:  9    Spells: 9/9 levels left

rFire   . . .        Y - +2 war axe (freeze)
rCold   . . .        g - +0 kite shield
rNeg    + + .        o - +0 chain mail
rPois   inf          (no helmet)
rElec   +            (no cloak)
rCorr   +            (no gloves)
SInv    .            (no boots)
Will    .....        (no amulet) Stlth
                     n - ring of resist corrosion
HPRegen 0.30/turn    s - ring of positive energy
MPRegen 0.13/turn

%: no passive effects
@: heroic, very slow
A: sickness immunity, AC +7, negative energy resistance 1, electricity
resistance, torment resistance 1, petrification resistance
a: Renounce Religion, Heroism


You were on level 8 of the Dungeon.
You worshipped Okawaru.
Okawaru was aware of your devotion.
You visited 2 branches of the dungeon, and saw 9 of its levels.

You collected 428 gold pieces.
You spent 384 gold pieces at shops.


Innate Abilities, Weirdness & Mutations

You are immune to sickness and miasma.
Your stone body is resilient. (AC +7)
You are immune to poison.
You resist negative energy. (rN+)
You are resistant to electric shocks. (rElec)
You are resistant to unholy torment.
You are immune to petrification.


   Skills:
 + Level 6.5(11.5) Fighting
 - Level 9.1(14.1) Axes
 - Level 1.9(6.9) Throwing
 - Level 3.2(8.2) Armour
 - Level 1.5(6.5) Dodging
 - Level 8.0(13.0) Shields
 - Level 4.1 Invocations


You had 9 spell levels left.
You didn't know any spells.
Your spell library was empty.

Inventory:

Hand Weapons
 q - a +0 morningstar
 Y - a +2 war axe of freezing (weapon)
Armour
 a - a +0 cloak
 g - a +0 kite shield (worn)
 o - a +0 chain mail (worn)
Jewellery
 n - a ring of resist corrosion (left hand)
 s - a ring of positive energy (right hand)
Wands
 r - a wand of digging (7)
Scrolls
 f - a scroll of enchant armour
 h - 2 scrolls of identify
Potions
 b - 2 potions of magic
 c - 2 potions of curing
 d - 2 potions of might
 k - a potion of attraction
 l - a potion of lignification
 m - 2 potions of haste
 p - a potion of cancellation

Dungeon Overview and Level Annotations

Branches:
Dungeon (8/15)             Temple (1/1) D:5
   Lair: D:8-11

Altars:
Ashenzari
Cheibriados
Dithmenos
Elyvilon
Fedhas
Gozag
Hepliaklqana
Kikubaaqudgha
Makhleb
Nemelex Xobeh
Okawaru
Qazlal
Ru
Sif Muna
Trog
Vehumet
Wu Jian
Xom
Yredelemnul
Zin
The Shining One

Shops:
D:5 !   D:8 *


Message History

The orc hits you but does no damage.
You hit the orc. You freeze the orc.
The orc is severely wounded.
You block the orc's attack.
An electric eel comes into view.
You slice the orc!! You freeze the orc.
You kill the orc!
Okawaru accepts your kill.
The orc priest invokes the aid of Beogh against you.
Beogh smites you!
6839 ||| READING scroll of teleportation.
As you read the scroll of teleportation, it crumbles to dust.
You feel strangely unstable.
An electric eel comes into view.
You hit the orc priest but do no damage.
You block the orc priest's attack.
You slash the orc priest! You freeze the orc priest.
You kill the orc priest!
Okawaru accepts your kill.
The bullfrog hits you but does no damage.
You slash the bullfrog!
The bullfrog seems to slow down.
You freeze the bullfrog.
The bullfrog is heavily wounded.
Your surroundings suddenly seem different.
Splash!
You fall into the shallow water.
Moving in this stuff is going to be slow.
A black bear, 4 wights and an electric eel come into view.
Found 5 poisoned darts.
You slash the wight! You freeze the wight.
The wight is severely damaged.
You hit the plant.
The plant begins to die.
You freeze the plant.
The wight hits you with a +0 dire flail!
The electric eel shoots out a bolt of lightning at you!
The bolt of electricity hits you. You resist.
You barely miss the wight.
The wight is severely damaged.
You slash the plant! You freeze the plant.
The wight hits you with a +0 dire flail!
You die...

#. .# ##. .###
#..###.(. ##
###.......##...
....~.~......~.
..h.~~~.Pz~~.~~
~..~~~~~~~~~~~~
~~~~~~~@~~S~~~~
~~~~~~zP~zz~P~P
~~SP~~~~.~~..~~
~~~~P~.........
~~~~~..~....#..###
S~..F...####.##
....##. # ..# #.
..


You could see a black bear, a bullfrog, 2 electric eels and 4 wights.

Vanquished Creatures
  Prince Ribbit (D:7)
  2 steam dragons
  Menkaure (D:6)
  4 water moccasins
  2 ice beasts
  2 orc warriors (D:8)
  A black bear (D:4)
  2 ogres (D:6)
  A sky beast (D:8)
  2 centaurs
  A phantom (D:5)
  Blork the orc (D:6)
  2 bullfrogs
  3 scorpions
  4 killer bees (D:8)
  A howler monkey (D:7)
  A jelly (D:7)
  6 orc priests
  4 hounds
  A sleepcap (D:6)
  2 orc wizards (D:6)
  Natasha (thrice) (D:4)
  3 iguanas
  11 adders
  4 white imps
  2 ufetubi
  2 worms
  2 dart slugs
  20 orcs
  3 bats
  6 endoplasms
  10 giant cockroaches
  3 goblins
  9 hobgoblins
  7 jackals
  11 kobolds
  7 quokkas
  4 ball pythons
  5 frilled lizards
  6 rats
162 creatures vanquished.

Notes
Turn   | Place    | Note
-------+----------+-------------------------------------------
     0 | D:1      | qw the Gargoyle Fighter began the quest for the Orb.
     0 | D:1      | Reached XP level 1. HP: 14/14 MP: 1/1
     0 | D:1      | 0 ||| qw: Version: 0.3-a-35-g05ef00e
     0 | D:1      | 0 ||| qw: Game counter: 7861
     0 | D:1      | 0 ||| qw: Melee chars always use a shield: true
     0 | D:1      | 0 ||| qw: God list: Okawaru
     0 | D:1      | 0 ||| qw: Allow faded altars: false
     0 | D:1      | 0 ||| qw: Do Orc after clearing Dungeon:15 true
     0 | D:1      | 0 ||| qw: Do second Lair branch before Depths: true
     0 | D:1      | 0 ||| qw: Lair rune preference: random
     0 | D:1      | 0 ||| qw: Goals: Normal, Zot:1-4, Slime:5, God:TSO, Crypt,
                  | Tomb, Abyss, Pan, Hells, Win
     0 | D:1      | 0 ||| PLANNING D:1-11
   102 | D:1      | Reached skill level 2 in Axes
   210 | D:1      | Reached XP level 2. HP: 19/19 MP: 2/2
   431 | D:1      | Reached skill level 3 in Axes
   633 | D:1      | Reached XP level 3. HP: 23/23 MP: 3/3
   864 | D:1      | 864 ||| READING scroll labelled ZOYBEU VICS.
   865 | D:1      | 865 ||| READING scroll labelled RUFOIC FALOO.
   866 | D:1      | 866 ||| READING scroll labelled NORE YCOTRUUS.
   904 | D:2      | 904 ||| Stepping ~*~*~tactically~*~*~ (hiding).
   926 | D:2      | 926 ||| Stepping ~*~*~tactically~*~*~ (hiding).
  1111 | D:2      | Reached XP level 4. HP: 26/28 MP: 4/4
  1219 | D:2      | 1219 ||| Stepping ~*~*~tactically~*~*~ (stealth).
  1223 | D:2      | Reached skill level 4 in Axes
  1375 | D:2      | 1375 ||| Stepping ~*~*~tactically~*~*~ (hiding).
  1377 | D:2      | 1377 ||| Stepping ~*~*~tactically~*~*~ (hiding).
  1379 | D:2      | 1379 ||| Stepping ~*~*~tactically~*~*~ (hiding).
  1380 | D:2      | 1380 ||| Stepping ~*~*~tactically~*~*~ (hiding).
  1381 | D:2      | 1381 ||| Stepping ~*~*~tactically~*~*~ (hiding).
  1382 | D:2      | 1382 ||| Stepping ~*~*~tactically~*~*~ (hiding).
  1619 | D:2      | 1619 ||| UPGRADING to +0 kite shield.
  1629 | D:2      | 1629 ||| DROPPING +0 buckler.
  1630 | D:2      | 1630 ||| DROPPING ring of wizardry.
  1631 | D:2      | 1631 ||| READING scroll labelled NIYWUMAFR REAR.
  1632 | D:2      | 1632 ||| READING scroll labelled OTU YWUEREME.
  1787 | D:3      | Found a faded altar of an unknown god.
  2094 | D:3      | 2094 ||| Stepping ~*~*~tactically~*~*~ (hiding).
  2425 | D:3      | 2425 ||| UPGRADING to +0 chain mail.
  2435 | D:3      | 2435 ||| DROPPING +0 scale mail.
  2436 | D:3      | 2436 ||| UPGRADING to ring of resist corrosion.
  2437 | D:3      | 2437 ||| READING 2 scrolls labelled COYT ENUNIUT.
  2438 | D:3      | 2438 ||| READING 2 scrolls labelled TEUTSIAGOS.
  2439 | D:3      | 2439 ||| DRINKING 2 ruby potions.
  2440 | D:3      | 2440 ||| DROPPING scroll of vulnerability.
  2496 | D:4      | Reached XP level 5. HP: 29/32 MP: 5/5
  2508 | D:4      | Noticed Natasha
  2524 | D:4      | Killed Natasha
  2533 | D:4      | 2533 ||| Stepping ~*~*~tactically~*~*~ (stealth).
  2533 | D:4      | Noticed Natasha
  2534 | D:4      | 2534 ||| FLEEEEING.
  2536 | D:4      | 2536 ||| FLEEEEING.
  2537 | D:4      | 2537 ||| FLEEEEING.
  2538 | D:4      | 2538 ||| FLEEEEING.
  2539 | D:4      | 2539 ||| FLEEEEING.
  2540 | D:4      | 2540 ||| FLEEEEING.
  2541 | D:4      | 2541 ||| FLEEEEING.
  2542 | D:4      | 2542 ||| FLEEEEING.
  2543 | D:4      | 2543 ||| FLEEEEING.
  2544 | D:4      | 2544 ||| STAIRDANCE
  2564 | D:3      | 2564 ||| READING scroll labelled MEANTO XETOUT.
  2570 | D:4      | Killed Natasha
  2574 | D:4      | 2574 ||| Stepping ~*~*~tactically~*~*~ (hiding).
  2575 | D:4      | 2575 ||| Stepping ~*~*~tactically~*~*~ (hiding).
  2614 | D:4      | Reached XP level 6. HP: 29/37 MP: 6/6
  2618 | D:4      | Reached skill level 5 in Axes
  2659 | D:4      | 2659 ||| Stepping ~*~*~tactically~*~*~ (stealth).
  2663 | D:4      | 2663 ||| Stepping ~*~*~tactically~*~*~ (stealth).
  2664 | D:4      | 2664 ||| Stepping ~*~*~tactically~*~*~ (stealth).
  2725 | D:4      | Noticed Natasha
  2726 | D:4      | 2726 ||| Stepping ~*~*~tactically~*~*~ (stealth).
  2739 | D:4      | 2739 ||| Stepping ~*~*~tactically~*~*~ (stealth).
  2769 | D:4      | 2769 ||| Stepping ~*~*~tactically~*~*~ (hiding).
  2770 | D:4      | 2770 ||| Stepping ~*~*~tactically~*~*~ (hiding).
  2778 | D:4      | Killed Natasha
  2790 | D:4      | 2790 ||| Stepping ~*~*~tactically~*~*~ (stealth).
  2799 | D:4      | 2799 ||| FLEEEEING.
  2806 | D:4      | 2806 ||| Stepping ~*~*~tactically~*~*~ (stealth).
  2807 | D:4      | 2807 ||| Stepping ~*~*~tactically~*~*~ (stealth).
  2819 | D:4      | 2819 ||| DROPPING +0 mace.
  2849 | D:4      | Noticed a black bear
  2850 | D:4      | Noticed an ice beast
  2856 | D:4      | Killed a black bear
  2857 | D:4      | Reached XP level 7. HP: 41/43 MP: 7/7
  2888 | D:4      | 2888 ||| FLEEEEING.
  2890 | D:4      | 2890 ||| FLEEEEING.
  2891 | D:4      | 2891 ||| STAIRDANCE
  2909 | D:3      | 2909 ||| READING scroll labelled IGUAFARERR.
  2910 | D:3      | 2910 ||| READING scroll labelled AQYPOUSKYVOM.
  2944 | D:4      | 2944 ||| Stepping ~*~*~tactically~*~*~ (hiding).
  2947 | D:4      | 2947 ||| Stepping ~*~*~tactically~*~*~ (hiding).
  3059 | D:4      | 3059 ||| Stepping ~*~*~tactically~*~*~ (hiding).
  3315 | D:5      | Entered Level 5 of the Dungeon
  3366 | D:5      | Found a staircase to the Ecumenical Temple.
  3367 | D:5      | 3367 ||| PLANNING TEMPLE
  3367 | D:5      | 3367 ||| DRINKING 2 viscous red potions.
  3389 | D:5      | Reached skill level 6 in Axes
  3393 | Temple   | Entered the Ecumenical Temple
  3415 | Temple   | 3415 ||| PLANNING OKAWARU WORSHIP
  3432 | Temple   | Became a worshipper of Warmaster Okawaru
  3433 | Temple   | 3433 ||| PLANNING D:1-11
  3506 | D:5      | Reached skill level 6 in Shields
  3519 | D:5      | Reached skill level 1 in Dodging
  3643 | D:5      | Found Xocyasag's Distillery.
  3650 | D:5      | 3650 ||| Stepping ~*~*~tactically~*~*~ (hiding).
  3651 | D:5      | 3651 ||| Stepping ~*~*~tactically~*~*~ (hiding).
  3762 | D:5      | 3762 ||| BUYING potion of cancellation (112 gold).
  3762 | D:5      | Bought a potion of cancellation for 112 gold pieces
  3762 | D:5      | 3762 ||| BUYING potion of curing (42 gold).
  3762 | D:5      | Bought a potion of curing for 42 gold pieces
  3762 | D:5      | 3762 ||| BUYING potion of haste (140 gold).
  3762 | D:5      | Bought a potion of haste for 140 gold pieces
  3762 | D:5      | 3762 ||| SHOPLISTING potion of heal wounds (70 gold, have
                  | 10).
  3762 | D:5      | 3762 ||| SHOPLISTING potion of lignification (42 gold, have
                  | 10).
  3804 | D:5      | Reached XP level 8. HP: 38/48 MP: 8/8
  3878 | D:5      | Found a white marble altar of Elyvilon.
  4239 | D:5      | 4239 ||| UPGRADING to ring of positive energy.
  4240 | D:5      | 4240 ||| DRINKING 2 coppery potions.
  4276 | D:6      | 4276 ||| PLANNING OSSUARY
  4326 | D:6      | Reached * piety under Okawaru
  4327 | D:6      | Reached skill level 7 in Axes
  4354 | D:6      | Noticed Menkaure
  4355 | D:6      | 4355 ||| Stepping ~*~*~tactically~*~*~ (hiding).
  4358 | D:6      | 4358 ||| INVOKING Heroism.
  4367 | D:6      | Killed Menkaure
  4537 | D:6      | 4537 ||| INVOKING Heroism.
  4538 | D:6      | 4538 ||| INVOKING Heroism.
  4550 | D:6      | 4550 ||| DRINKING 2 potions of curing.
  4550 | D:6      | 4550 ||| (to cure confusion)
  4554 | D:6      | 4554 ||| INVOKING Heroism.
  4634 | D:6      | HP: 5/49 [steam dragon/ball of steam (25)]
  4635 | D:6      | 4635 ||| READING scroll of teleportation.
  4636 | D:6      | 4636 ||| DRINKING potion of heal wounds.
  4806 | D:6      | Reached skill level 1 in Throwing
  4859 | D:6      | 4859 ||| Stepping ~*~*~tactically~*~*~ (hiding).
  4867 | D:6      | Reached skill level 1 in Invocations
  5150 | D:6      | Reached XP level 9. HP: 54/54 MP: 10/10
  5401 | D:6      | 5401 ||| INVOKING Heroism.
  5454 | D:6      | 5454 ||| READING scroll labelled WEAKHA HOQICIU.
  5455 | D:6      | 5455 ||| READING scroll labelled YFABIF KUGULIE.
  5456 | D:6      | 5456 ||| READING 3 scrolls of identify.
  5456 | D:6      | 5456 ||| IDENTIFYING glowing silvery potion
  5457 | D:6      | 5457 ||| READING 2 scrolls of identify.
  5457 | D:6      | 5457 ||| IDENTIFYING dark potion
  5457 | D:6      | Noticed Blork the orc
  5458 | D:6      | 5458 ||| Stepping ~*~*~tactically~*~*~ (hiding).
  5463 | D:6      | 5463 ||| INVOKING Heroism.
  5467 | D:6      | Killed Blork the orc
  5468 | D:6      | Reached skill level 3 in Invocations
  5483 | D:6      | 5483 ||| DROPPING potion of degeneration.
  5583 | D:6      | 5583 ||| READING 3 scrolls of identify.
  5583 | D:6      | 5583 ||| IDENTIFYING lumpy pink potion
  5677 | D:6      | 5677 ||| READING 2 scrolls of identify.
  5677 | D:6      | 5677 ||| IDENTIFYING glowing sapphire potion
  5678 | D:6      | 5678 ||| DROPPING potion of invisibility.
  5687 | D:6      | 5687 ||| INVOKING Heroism.
  5781 | D:6      | 5781 ||| RIP OSSUARY
  5781 | D:6      | 5781 ||| RIP SEWER
  5781 | D:6      | 5781 ||| PLANNING D:1-11
  5781 | D:6      | 5781 ||| READING scroll labelled DAPSAF NIXIOTT.
  5861 | D:7      | Noticed Prince Ribbit
  5862 | D:7      | 5862 ||| INVOKING Heroism.
  5866 | D:7      | Reached skill level 8 in Axes
  5877 | D:7      | 5877 ||| INVOKING Heroism.
  5878 | D:7      | Killed Prince Ribbit
  5879 | D:7      | Reached skill level 6 in Fighting
  5933 | D:7      | 5933 ||| READING scroll of enchant weapon.
  5933 | D:7      | 5933 ||| ENCHANTING +1 war axe of freezing.
  6001 | D:7      | 6001 ||| Stepping ~*~*~tactically~*~*~ (stealth).
  6003 | D:7      | 6003 ||| INVOKING Heroism.
  6052 | D:7      | 6052 ||| INVOKING Heroism.
  6121 | D:7      | Found a shimmering altar of Xom.
  6121 | D:7      | Found a shimmering altar of Xom.
  6122 | D:7      | Found a shimmering altar of Xom.
  6123 | D:7      | Found a shimmering altar of Xom.
  6123 | D:7      | Found a shimmering altar of Xom.
  6126 | D:7      | Found a shimmering altar of Xom.
  6126 | D:7      | Found a shimmering altar of Xom.
  6209 | D:7      | 6209 ||| Stepping ~*~*~tactically~*~*~ (stealth).
  6532 | D:8      | Found Hoplukic's General Store.
  6533 | D:8      | 6533 ||| STAIRDANCE
  6639 | D:8      | 6639 ||| SHOPLISTING +2 scale mail of fire resistance (252
                  | gold, have 103).
  6639 | D:8      | 6639 ||| SHOPLISTING potion of resistance (120 gold, have
                  | 103).
  6639 | D:8      | 6639 ||| SHOPLISTING scroll of acquirement (624 gold, have
                  | 103).
  6639 | D:8      | 6639 ||| BUYING scroll of enchant armour (90 gold).
  6639 | D:8      | Bought a scroll of enchant armour for 90 gold pieces
  6639 | D:8      | 6639 ||| SHOPLISTING scroll of identify (24 gold, have 13).
  6651 | D:8      | 6651 ||| Stepping ~*~*~tactically~*~*~ (hiding).
  6652 | D:8      | 6652 ||| INVOKING Heroism.
  6673 | D:8      | 6673 ||| FLEEEEING.
  6674 | D:8      | 6674 ||| FLEEEEING.
  6675 | D:8      | 6675 ||| FLEEEEING.
  6676 | D:8      | 6676 ||| FLEEEEING.
  6677 | D:8      | 6677 ||| FLEEEEING.
  6678 | D:8      | 6678 ||| STAIRDANCE
  6808 | D:8      | 6808 ||| Stepping ~*~*~tactically~*~*~ (hiding).
  6815 | D:8      | 6815 ||| INVOKING Heroism.
  6825 | D:8      | Reached skill level 9 in Axes
  6828 | D:8      | Reached XP level 10. HP: 22/60 MP: 11/13
  6833 | D:8      | 6833 ||| INVOKING Heroism.
  6838 | D:8      | HP: 13/61 [orc priest/divine providence (12)]
  6839 | D:8      | 6839 ||| READING scroll of teleportation.
  6843 | D:8      | HP: 8/61 [wight/+0 dire flail (7)]
  6844 | D:8      | Slain by a wight

Levels and vault maps discovered:
D:1:      matt_arrival_spirals, layout_basic
D:2:      layout_loops_ring
D:3:      layout_basic, hellmonk_ecumenical_altar_crossroads,
          minmay_fractal_squares_5
D:4:      layout_cave_pools, uniq_natasha
D:5:      layout_loops_ring, elyvilon_altar_4, minmay_temple_entry_grid,
          serial_shops, nicolae_shop_hallway_stairs
D:6:      layout_basic, gup_sewer_entry_bubbles, chequers_ossuary_entry_cave,
          minmay_puff, uniq_blork_the_orc, uniq_menkaure
D:7:      minmay_klotski, layout_loops_ring, nicolae_xom_altar_mimics,
          uniq_prince_ribbit1
D:8:      layout_rooms, kennysheep_mini, nicolae_stop_n_shop_2,
          chequers_big_river, uniq_maggie
Temple:   hellmonk_temple_of_storms

Skill      XL: |  1  2  3  4  5  6  7  8  9 |
---------------+----------------------------+-----
Axes           | 2 3 4 5 6 7 9 |  9.1
Shields        | 4 5 6 7 8 |  8.0
Fighting       | 4 5 6 |  6.5
Dodging        | 1 |  1.5
Throwing       | 1 |  1.9
Invocations    | 1 4 |  4.1
Armour         | |  3.2

Action                     |  1- 3 |  4- 6 |  7- 9 | 10-12 || total
---------------------------+-------+-------+-------+-------++-------
  Melee: War axe           |    74 |   106 |   247 |    15 ||   442
  Throw: Boomerang         |    33 |    64 |    71 |       ||   168
 Invoke: Heroism           |       |       |    12 |     1 ||    13
    Use: Scroll            |     3 |     5 |    11 |     1 ||    20
         Potion            |       |     1 |     4 |       ||     5
 Armour: Scale mail        |    40 |    17 |       |       ||    57
         Chain mail        |       |    56 |   113 |     4 ||   173
  Dodge: Dodged            |    35 |    32 |    77 |     1 ||   145
  Block: Buckler           |    15 |     2 |       |       ||    17
         Kite shield       |       |    43 |   113 |     8 ||   164

Table legend:
 A = Non-vault XP
 B = Vault XP
 C = Vault XP percentage of total XP
 D = Non-vault monster count
 E = Vault monster count
 F = Vault count percentage of total count
                 A         B        C        D         E       F
            +---------+---------+-------+---------+---------+-------
      Total |    4044 |     728 |  15.3 |     144 |      18 |  11.1
            +---------+---------+-------+---------+---------+-------
        D:1 |      49 |       0 |   0.0 |      28 |       0 |   0.0
        D:2 |      68 |       0 |   0.0 |      18 |       0 |   0.0
        D:3 |      32 |       6 |  15.8 |      11 |       3 |  21.4
        D:4 |     653 |      36 |   5.2 |      25 |       1 |   3.8
        D:5 |     542 |       2 |   0.4 |      14 |       1 |   6.7
        D:6 |     961 |     420 |  30.4 |      19 |      12 |  38.7
        D:7 |     676 |     264 |  28.1 |      12 |       1 |   7.7
        D:8 |    1063 |       0 |   0.0 |      17 |       0 |   0.0
            +---------+---------+-------+---------+---------+-------
